 Dungeon Crawl Stone Soup version 0.29-a0-453-gf113fcf677 (webtiles) character file.

Game seed: 4111654160828167836

57 DungeonDestroyer the Shield-Bearer (level 4, 0/41 HPs)
             Began as a Gnoll Fighter on May 19, 2022.
             Slain by a gnoll
             ... wielding a +0 flail
              (10 damage)
             ... on level 2 of the Dungeon.
             The game lasted 00:03:22 (1119 turns).

DungeonDestroyer the Shield-Bearer (Gnoll Fighter)  Turns: 1119, Time: 00:03:23

Health: 0/41       AC: 10    Str: 16    XL:     4   Next: 0%
Magic:  5/5        EV:  7    Int:  7    God:
Gold:   48         SH:  5    Dex: 13    Spells: 5/5 levels left

rFire   . . .      SeeInvis .   a - +0 long sword
rCold   . . .      Faith    .   c - +0 buckler
rNeg    . . .      Spirit   .   g - +0 chain mail
rPois   .          Reflect  .   (no helmet)
rElec   .          Harm     .   (no cloak)
rCorr   .          Rampage  .   (no gloves)
Will    .....                   (no boots)
Stlth   ..........              (no amulet)
HPRegen 0.13/turn               (no ring)
MPRegen 0.09/turn               (no ring)

@: very slow
A: fangs 1, strong nose, distributed training
a: no special abilities


You were on level 2 of the Dungeon.
You visited 1 branch of the dungeon, and saw 2 of its levels.

You collected 48 gold pieces.

Inventory:

Hand Weapons
 a - a +0 long sword (weapon)
Missiles
 e - 38 stones (quivered)
 h - 4 poisoned darts
Armour
 c - a +0 buckler (worn)
 g - a +0 chain mail (worn)
Potions
 d - a potion of might


   Skills:
 + Level 6.5 Fighting
 + Level 1.0 Short Blades
 + Level 4.6 Long Blades
 + Level 1.0 Axes
 + Level 1.0 Maces & Flails
 + Level 1.0 Polearms
 + Level 1.0 Staves
 + Level 1.0 Slings
 + Level 1.0 Bows
 + Level 1.0 Crossbows
 + Level 1.0 Throwing
 + Level 6.5 Armour
 + Level 1.0 Dodging
 + Level 1.0 Stealth
 + Level 6.5 Shields
 + Level 1.0 Unarmed Combat
 + Level 1.0 Spellcasting
 + Level 0.7 Conjurations
 + Level 0.7 Hexes
 + Level 0.7 Summonings
 + Level 0.7 Necromancy
 + Level 0.7 Translocations
 + Level 0.7 Transmutations
 + Level 0.7 Fire Magic
 + Level 0.7 Ice Magic
 + Level 0.7 Air Magic
 + Level 0.7 Earth Magic
 + Level 0.7 Poison Magic
 + Level 1.1 Invocations
 + Level 1.0 Evocations


You had 5 spell levels left.
You didn't know any spells.
Your spell library was empty.

Dungeon Overview and Level Annotations

Branches:
Dungeon (2/15)

Altars:

Shops:
D:1 (


Innate Abilities, Weirdness & Mutations

You have very sharp teeth.
Your uncanny sense of smell can sniff out nearby items.
Your experience applies equally to all skills.


Message History

Your Crossbows skill increases to level 1!
Your Throwing skill increases to level 1!
Your Dodging skill increases to level 1!
Your Stealth skill increases to level 1!
Your Unarmed Combat skill increases to level 1!
Your Spellcasting skill increases to level 1!
Your Evocations skill increases to level 1!
You have reached level 4!
You feel stronger.
Unknown command.
There are monsters nearby!
You enter the shallow water.
Moving in this stuff is going to be slow.
The gnoll hits you with a +0 halberd!
You barely miss the gnoll. You bite the gnoll, but do no damage.
The gnoll hits you but does no damage. The gnoll hits you with a +0 halberd!
You block the endoplasm's attack.
Your unstable footing causes you to fumble your attack.
The gnoll hits you but does no damage. x2; The endoplasm barely misses you.
The gnoll barely misses you. The gnoll hits you but does no damage.
Your unstable footing causes you to fumble your attack.
The endoplasm hits you. The gnoll hits you but does no damage.
The gnoll hits you with a +0 halberd!
* * * LOW HITPOINT WARNING * * *
You are too injured to fight recklessly!
You are too injured to fight recklessly!
You are too injured to fight recklessly!
You are too injured to fight recklessly!
You are too injured to fight recklessly!
You are too injured to fight recklessly!
You are too injured to fight recklessly!
You are too injured to fight recklessly!
You are too injured to fight recklessly!
You are too injured to fight recklessly!
You are too injured to fight recklessly!
You are too injured to fight recklessly!
You are too injured to fight recklessly!
Unknown command.
The gnoll attacks as you move away! The gnoll hits you with a +0 flail!
You die...

#.### **,,,,,** #.##..##.#
#>* **,,,** #.##.###># #.*
**+** #.##.# #.# #.* #,*
#####.##.###.#
#.*******##*#.*
#............#
#.**,,,,,...#.#*
#.######.#####
*,**,*****#....#* #.# #.#
*,**,* #....g###.######.#
,,,*,*****#....g@...≈..≈...#
,,,,,**,,...≈..J).≈.≈.≈.####
,,<,,,,,,....≈≈≈≈≈≈≈≈≈..#
,,,,*****##..≈≈≈≈≈≈≈≈≈..#
,,,** #≈≈≈≈≈≈≈≈≈≈≈..# *,**
#..≈≈≈..♣≈≈≈..# ***
#..≈≈≈._≈≈≈≈≈≈#
#..≈≈≈≈♣≈≈≈≈≈≈#
*,,≈≈≈≈≈≈≈≈≈..#


You could see 2 gnolls and an endoplasm.

Vanquished Creatures
  2 gnolls
  An adder (D:2)
  4 ball pythons
  2 endoplasms
  A goblin (D:1)
  2 hobgoblins (D:1)
  2 kobolds (D:1)
  A quokka (D:1)
  5 bats
  6 frilled lizards
  7 rats
33 creatures vanquished.

Notes
Turn   | Place    | Note
-------+----------+-------------------------------------------
     0 | D:1      | DungeonDestroyer the Gnoll Fighter began the quest for the
                  | Orb.
     0 | D:1      | Reached XP level 1. HP: 23/23 MP: 1/1
   248 | D:1      | Found Dilaroad's Antique Weapon Boutique.
   257 | D:1      | Reached XP level 2. HP: 29/29 MP: 2/2
   574 | D:1      | Reached XP level 3. HP: 23/35 MP: 3/3
  1028 | D:2      | Reached skill level 1 in Invocations
  1053 | D:2      | Found a faded altar of an unknown god.
  1115 | D:2      | Reached skill level 1 in Short Blades
  1115 | D:2      | Reached skill level 1 in Axes
  1115 | D:2      | Reached skill level 1 in Maces & Flails
  1115 | D:2      | Reached skill level 1 in Polearms
  1115 | D:2      | Reached skill level 1 in Staves
  1115 | D:2      | Reached skill level 1 in Slings
  1115 | D:2      | Reached skill level 1 in Bows
  1115 | D:2      | Reached skill level 1 in Crossbows
  1115 | D:2      | Reached skill level 1 in Throwing
  1115 | D:2      | Reached skill level 1 in Dodging
  1115 | D:2      | Reached skill level 1 in Stealth
  1115 | D:2      | Reached skill level 1 in Unarmed Combat
  1115 | D:2      | Reached skill level 1 in Spellcasting
  1115 | D:2      | Reached skill level 1 in Evocations
  1115 | D:2      | Reached XP level 4. HP: 41/41 MP: 5/5
  1119 | D:2      | Slain by a gnoll

Illustrated notes

Levels and vault maps discovered:
D:1:      minmay_arrival_shattered_statue, layout_loops_cross, serial_shops,
          shop
D:2:      layout_loops_corners, chequers_ecumenical_altar_island, basic_altar,
          minmay_between, uniq_robin, uniq_terence

Skill      XL: |  1  2  3 |
---------------+----------+-----
Invocations    | 1 |  1.1
Short Blades   | 1 |  1.0
Axes           | 1 |  1.0
Maces & Flails | 1 |  1.0
Polearms       | 1 |  1.0
Staves         | 1 |  1.0
Slings         | 1 |  1.0
Bows           | 1 |  1.0
Crossbows      | 1 |  1.0
Throwing       | 1 |  1.0
Dodging        | 1 |  1.0
Stealth        | 1 |  1.0
Unarmed Combat | 1 |  1.0
Spellcasting   | 1 |  1.0
Evocations     | 1 |  1.0
Fighting       | |  6.5
Long Blades    | |  4.6
Armour         | |  6.5
Shields        | |  6.5
Conjurations   | |  0.7
Hexes          | |  0.7
Summonings     | |  0.7
Necromancy     | |  0.7
Translocations | |  0.7
Transmutations | |  0.7
Fire Magic     | |  0.7
Ice Magic      | |  0.7
Air Magic      | |  0.7
Earth Magic    | |  0.7
Poison Magic   | |  0.7

Action                   |  1- 3 |  4- 6 || total
-------------------------+-------+-------++-------
Melee: Long sword        |   110 |     3 ||   113
       Bite              |     4 |     1 ||     5
  Use: Scroll            |     4 |       ||     4
Armor: Scale mail        |     7 |       ||     7
       Chain mail        |    46 |     5 ||    51
Dodge: Dodged            |    34 |     2 ||    36
Block: Buckler           |    29 |     1 ||    30

Table legend: (Time is in decaauts)
 A = Elapsed time spent in this place.
 B = Non-inter-level travel time spent in this place.
 C = Inter-level travel time spent in this place.
 D = Time resting spent in this place.
 E = Time spent auto-exploring this place.
 F = Levels seen in this place.
 G = Mean time per level.
                   A        B        C        D        E       F      G
               +--------+--------+--------+--------+--------+-----+--------+
         Total |   1143 |   1090 |     53 |      0 |    816 |   2 |  571.5 |
       Dungeon |   1143 |   1090 |     53 |      0 |    816 |   2 |  571.5 |
               +--------+--------+--------+--------+--------+-----+--------+

Top non-repeatable levels by time:
     D:1: 986 daAuts
     D:2: 157 daAuts
